AoeStats
← tavoo

Nomad

509439224Analyzed
3v3 RM · 6d ago on Sep 26, 2026· 57m 16s· 6 players
Game mode
Random Map
Map size
210×210
Population
200
Speed
Normal
Resources
Standard
Victory
Conquest
Starting age
Dark Age
Ending age
Imperial Age
RankedLock teamsTeams togetherTeam positionsShared explorationLock speedFull tech treeHidden civsTurbo modeCheats
Victory
Defeat
🇷🇺 Mongols · Russia
1230
+16
🇹🇷 Poles · Türkiye
1167
+19
🇲🇽 Vietnamese · Mexico
1152
+19
🇺🇸 Italians · United States
1237
-18
🇦🇷 Gurjaras · Argentina
1232
-18
🇦🇷 Koreans · Argentina
1230
-18
tavoo
8:06 Loom
13:21 Feudal Age
13:47 Double-Bit Axe
15:16 Wheelbarrow
16:55 Fletching
22:08 Castle Age
21:40 Stone Mining
22:11 Bloodlines
23:10 Medium Warships
23:14 Bodkin Arrow
24:06 Fishing Lines
24:15 Town Watch
24:53 Demolition Ship
28:15 Horse Collar
30:52 Hand Cart
35:33 Imperial Age
33:10 Gold Mining
33:57 Ballistics
35:38 Thumb Ring
36:23 Bracer
37:56 Padded Archer Armor
39:40 Leather Archer Armor
39:39 Onager
41:26 Ring Archer Armor
42:46 Chemistry
49:24 Elite Rattan Archer
51:03 Forging
52:38 Hoardings
55:03 Town Patrol
55:22 Husbandry
54:44 Elite Battle Elephant
55:31 Scale Barding Armor
57:33 Heavy Plow
Mumei
14:11 Feudal Age
14:46 Double-Bit Axe
17:07 Wheelbarrow
20:28 Castle Age
18:27 Stone Mining
19:47 Loom
19:57 Gold Mining
20:23 Forging
20:19 Scale Barding Armor
29:31 Bloodlines
37:40 Imperial Age
52:10 Guard Tower
53:43 Murder Holes
56:42 Fletching
57:30 Iron Casting
56:44 Cavalier
boomer2000
3:02 Loom
11:34 Loom
14:45 Feudal Age
17:01 Fishing Lines
19:24 Castle Age
17:14 Double-Bit Axe
19:08 Horse Collar
20:34 Bow Saw
24:00 Gold Mining
24:01 Stone Mining
26:15 Heavy Plow
26:19 Fletching
27:42 Wheelbarrow
27:49 Gillnets
28:07 Bodkin Arrow
29:29 Hand Cart
29:29 Stone Mining
31:38 Padded Archer Armor
34:17 Imperial Age
33:38 Leather Archer Armor
34:01 Town Watch
34:27 Elite Mangudai
35:24 Bracer
36:27 Chemistry
35:54 Ballistics
35:53 Husbandry
36:04 Bloodlines
36:16 Thumb Ring
36:36 Parthian Tactics
37:18 Scale Barding Armor
37:23 Forging
36:47 Light Cavalry
38:21 Conscription
38:32 Masonry
40:20 Hoardings
40:35 Gold Shaft Mining
40:36 Stone Shaft Mining
39:32 Hussar
44:40 Chain Barding Armor
48:56 Drill
48:00 Capped Ram
51:28 Siege Engineers
50:55 Cavalier
54:02 Siege Ram
54:37 Heavy Camel Rider
57:35 Iron Casting
two_fish
5:12 Loom
14:44 Feudal Age
18:59 Castle Age
17:56 Fletching
18:06 Padded Archer Armor
18:16 Double-Bit Axe
20:39 Crossbowman
21:42 Bow Saw
22:08 Bodkin Arrow
22:30 Thumb Ring
22:43 Demolition Ship
25:22 Fishing Lines
33:08 Silk Road
33:06 Horse Collar
36:23 Imperial Age
34:29 Wheelbarrow
33:45 Town Watch
34:38 Bloodlines
36:08 Leather Archer Armor
36:04 Forging
36:00 Scale Barding Armor
36:01 Husbandry
36:29 Elite Skirmisher
37:47 Conscription
39:15 Sanctity
42:36 Ballistics
45:41 Ring Archer Armor
45:12 Bracer
47:14 Chemistry
49:33 Two-Man Saw
48:56 Gillnets
Tzilacatzin
3:30 Loom
13:43 Feudal Age
14:21 Double-Bit Axe
14:21 Fishing Lines
19:46 Castle Age
18:58 Wheelbarrow
20:07 Town Watch
20:16 Stone Mining
21:32 Gold Mining
21:30 Horse Collar
23:10 Bow Saw
26:30 Imperial Age
24:26 Fletching
26:06 Gold Shaft Mining
26:55 Bodkin Arrow
29:36 Bracer
31:33 Ballistics
32:35 Chemistry
36:10 Conscription
36:13 Hand Cart
39:30 Stone Shaft Mining
39:57 Two-Man Saw
45:54 Pikeman
46:34 Squires
46:38 Scale Mail Armor
46:49 Forging
48:15 Chain Mail Armor
51:38 Crossbowman
52:24 Thumb Ring
52:23 Arbalester
Zargon
5:24 Loom
14:14 Feudal Age
14:40 Double-Bit Axe
16:26 Fletching
17:39 Fishing Lines
25:03 Castle Age
23:29 Scale Barding Armor
23:35 Forging
25:45 Wheelbarrow
25:50 Bloodlines
26:07 Chain Barding Armor
26:27 Medium Warships
26:39 Husbandry
28:06 Iron Casting
33:28 Hand Cart
35:09 Gillnets
41:43 Caravan
42:16 Coinage
44:27 Kshatriyas
47:53 Imperial Age
48:18 Elite Shrivamsha Rider
50:11 Plate Barding Armor
50:48 Conscription
50:59 Heavy Camel Rider
51:42 Bodkin Arrow
52:45 Conscription
57:36 Frontier Guards
Connection lost

Rejoining the realm…

Still unreachable

The connection could not be restored.

Session expired

The server has moved on; the page needs a fresh start.